 Dungeon Crawl Stone Soup version 0.31-a0-1068-g5939ac1fb6 (webtiles) character file.

Game seed: 14240628908094212173

21 Azuregosa the Sneak (level 2, -6/21 HPs)
             Began as an Octopode Delver on Nov 24, 2023.
             Mangled by Pargi (8 damage)
             ... in a sewer.
             The game lasted 00:02:25 (608 turns).

Azuregosa the Sneak (Octopode Delver)                Turns: 608, Time: 00:02:26

Health: -6/21      AC:  1    Str: 11    XL:     2   Next: 87%
Magic:  2/2        EV: 12    Int: 12    God:
Gold:   56         SH:  4    Dex: 13    Spells: 1/1 levels left

rFire   . . .        a - +0 hand axe
rCold   . . .        j - +0 buckler
rNeg    . . .        (helmet restricted)
rPois   .            (no amulet)
rElec   .            (no ring)
rCorr   .            (no ring)
SInv    .            (no ring)
Will    .....        (no ring)
Stlth   +++++        (no ring)
HPRegen 0.23/turn    (no ring)
MPRegen 0.08/turn    (no ring)
                     (no ring)

%: no passive effects
@: hasted, very quick
A: almost no armour, amphibious, 8 rings, camouflage 1, gelatinous body 1,
(nimble swimmer 1), tentacles
a: no special abilities


You were in a sewer.
You visited 1 branch of the dungeon, and saw 3 of its levels.
You also visited: Sewer.

You collected 56 gold pieces.

Inventory:

Hand Weapons
 a - a +0 hand axe (weapon)
Armour
 j - a +0 buckler (worn)
Wands
 f - a wand of digging (3)
Scrolls
 b - a scroll of fog
 g - 2 scrolls of identify {unknown}
 h - 2 scrolls of enchant armour {unknown}
 i - 2 scrolls of teleportation {unknown}
Potions
 c - 2 potions of heal wounds {unknown}
 k - a potion of brilliance {unknown}


   Skills:
 - Level 3.0 Fighting
 - Level 2.0 Axes
 - Level 2.0 Dodging
 + Level 7.7 Stealth


You had one spell level left.
You didn't know any spells.
Your spell library contained the following spells:

 Spells                   Type           Power      Damage    Failure   Level
 Magic Dart               Conj           0%         1d3       43%         1
 Call Imp                 Summ           0%         N/A       58%         2
 Poisonous Vapours        Pois/Air       0%         N/A       58%         2
 Mephitic Cloud           Conj/Pois/Air  0%         N/A       82%         3
 Freezing Cloud           Conj/Ice/Air   0%         6-21      100%        5


Dungeon Overview and Level Annotations

Branches:
Dungeon (5/15)              Sewer (1/1)
 Temple: D:4-7

Altars:
Fedhas

Annotations:
Sewer Pargi


Innate Abilities, Weirdness & Mutations

You cannot wear most types of armour.
You are amphibious.
You can wear up to eight rings at the same time.
Your skin changes colour to match your surroundings (Stealth+).
Your rubbery body absorbs attacks. (AC +1, EV +1)
((You are camouflaged when in or above water. (Stealth+)))
You have tentacles for arms and can constrict up to eight enemies at once.


Message History

You hit Pargi.
Pargi is lightly wounded.
You block Pargi's attack. Pargi barely misses you. Pargi claws you.
You barely miss Pargi. Your squeeze misses Pargi.
Pargi is lightly wounded.
Pargi barely misses you. Pargi closely misses you. Pargi barely misses you.
You hit Pargi.
Pargi is moderately wounded.
Pargi bites you. Pargi claws you. You block Pargi's attack.
You barely miss Pargi.
Pargi is moderately wounded.
Pargi barely misses you. Pargi claws you. x2
Pargi bites you but does no damage. Pargi claws you. Pargi barely misses you.
As you read the scroll of fear, it crumbles to dust.
You assume a fearsome visage.
Pargi looks frightened!
You hit Pargi.
Your attack snaps Pargi out of his fear.
Pargi is moderately wounded.
Cornered, Pargi turns to fight!
You closely miss Pargi.
Pargi is lightly wounded.
You block Pargi's attack. Pargi claws you. Pargi barely misses you.
You hit Pargi.
Pargi is moderately wounded.
Pargi bites you. Pargi claws you.
* * * LOW HITPOINT WARNING * * *
Pargi barely misses you. Pargi misses you. Pargi claws you.
* * * LOW HITPOINT WARNING * * *
Pargi closely misses you.
You feel yourself speed up.
Pargi hisses menacingly.
Pargi barely misses you. Pargi claws you.
* * * LOW HITPOINT WARNING * * *
Pargi misses you.
You hit Pargi. You squeeze Pargi.
Pargi is moderately wounded.
You hit Pargi. You squeeze Pargi.
Pargi is heavily wounded.
Pargi bites you!
You die...

### ###### #∩# #T##)#
#.# #@##.#
#+##+##.##+##'##'#
.................#######
~~~~~~~.~~~~~~~~~#~~~~~~
≈≈≈≈≈≈≈∩≈≈≈≈≈≈≈≈≈#≈≈≈≈≈≈
~~~~~~~.~~~~~~~~~#~~~~~~
.................#######
#+##+##'##'##'##'#
#.##.##.##.#


You could see Pargi.

Vanquished Creatures
  An adder (D:3)
  An endoplasm (D:3)
  4 giant cockroaches
  A hobgoblin (D:3)
  A quokka (D:3)
  2 ball pythons
  A rat (D:3)
11 creatures vanquished.

Notes
Turn   | Place    | Note
-------+----------+-------------------------------------------
     0 | D:5      | Azuregosa the Octopode Delver began the quest for the Orb.
     0 | D:5      | Reached XP level 1. HP: 16/16 MP: 1/1
   144 | D:3      | Found a blossoming altar of Fedhas.
   199 | D:3      | Reached skill level 7 in Stealth
   349 | D:3      | Reached XP level 2. HP: 8/21 MP: 2/2
   555 | D:3      | Found a glowing drain.
   559 | Sewer    | Entered a sewer
   594 | Sewer    | Noticed Pargi
   608 | Sewer    | Mangled by Pargi

Illustrated notes

Levels and vault maps discovered:
D:3:      layout_loops_corners, mainiacjoe_overflow_alcove_4,
          gup_sewer_entry_bowl
D:4:      layout_cave_pools, uniq_sigmund
D:5:      layout_loops_ring, serial_bayou_pond_a,
          nicolae_kite_square_tiling_tiny
Sewer:    kennysheep_door_sewer

Skill      XL: |  1 |
---------------+----+-----
Stealth        | 7 |  7.7
Fighting       | |  3.0
Axes           | |  2.0
Dodging        | |  2.0

Action                     || total
---------------------------++-------
  Melee: Hand axe          ||    29
         Constrict         ||     4
         Tentacles         ||     6
    Use: Scroll            ||     2
         Potion            ||     1
   Stab: Sleeping          ||     6
         Distracted        ||     1
 Armour: Skin              ||    23
  Dodge: Dodged            ||    23
  Block: Buckler           ||     6

Table legend: (Time is in decaauts)
 A = Elapsed time spent in this place.
 B = Non-inter-level travel time spent in this place.
 C = Inter-level travel time spent in this place.
 D = Time resting spent in this place.
 E = Time spent auto-exploring this place.
 F = Levels seen in this place.
 G = Mean time per level.
                   A        B        C        D        E       F      G
               +--------+--------+--------+--------+--------+-----+--------+
         Total |    613 |    613 |      0 |      5 |    390 |   4 |  153.2 |
       Dungeon |    562 |    562 |      0 |      0 |    361 |   3 |  187.3 |
         Sewer |     50 |     50 |      0 |      5 |     29 |   1 |   50.0 |
               +--------+--------+--------+--------+--------+-----+--------+

Top non-repeatable levels by time:
     D:3: 452 daAuts
     D:4: 88 daAuts
   Sewer: 50 daAuts
     D:5: 22 daAuts
